[Event "Late-Titled-Tuesday-Blitz-January-23-2024"]
[Site "Chess.com"]
[Date "2024.01.23"]
[Round "8"]
[White "ProChessWICTH"]
[Black "The_Machine04"]
[Result "0-1"]
[WhiteElo "2516"]
[BlackElo "2719"]
[TimeControl "180+1"]
[EndTime "15:24:58 PST"]
[Termination "The_Machine04 won by resignation"]

1. e4 d6 2. d4 Nf6 3. Nc3 e5 4. Nf3 Nbd7 5. Bc4 Be7 6. O-O c6 7. a4 h6 8. h3 Qc7 9. Be3 Nf8 10. Qe2 g5 11. Nd2 Ng6 12. Rfd1 Nf4 13. Qf1 Rg8 14. Bb3 g4 15. h4 g3 16. fxg3 N4h5 17. dxe5 dxe5 18.
Nc4 Be6 19. Bf2 Ng4 20. Qe2 Nxf2 21. Qxh5 Nxd1 22. Rxd1 Bg4 23. Nd6+ Bxd6 24. Qxh6 Bxd1 25. Be6 fxe6 26. Qxe6+ Kf8 27. Nxd1 Qe7 28. Qh6+ Ke8 29. Ne3 Bc5 30. Kh2 Bxe3 31. Qxe3 Kd7 32. Qd3+ Qd6 33. Qb3 Kc7 34. a5 Rgf8 35. h5 Rf6 36. g4 Qe6 37. g5 Qxb3 38. cxb3 Rf2 39. Kg3 Rf4 40.
g6 Rg8 41. Kh3 Kd6 42. g4 Ke6 43. Kh4 Kf6 44. b4 Rxe4 45. b3 Rxb4 46. Kg3 Kg5 47.
Kf3 0-1

[Event "Late-Titled-Tuesday-Blitz-January-23-2024"]
[Site "Chess.com"]
[Date "2024.01.23"]
[Round "8"]
[White "Mikhal867"]
[Black "rionelG"]
[Result "1-0"]
[WhiteElo "2420"]
[BlackElo "2261"]
[TimeControl "180+1"]
[EndTime "15:25:00 PST"]
[Termination "Mikhal867 won on time"]

1. c4 c5 2. Nf3 Nc6 3. g3 g6 4.
Bg2 Bg7 5. O-O e6 6. e3 Nge7 7. d4 cxd4 8. exd4 d5 9. Ne5 Nxe5 10. dxe5 O-O 11. Re1 Qc7 12. cxd5 Nxd5 13. f4 Bd7 14. b3 Qb6+ 15. Kh1 Bc6 16. Qe2 Rfd8 17. Ba3 Bb5 18. Qf3 Rac8 19. Nd2 Rc3 20. Qe4 Bd3 21. Qa4 Qf2 22.
Ne4 Bxe4 23. Qxe4 Rc2 24. Qf3 Qxf3 25. Bxf3 Bf8 26. Bxf8 Kxf8 27. Re2 Rxe2 28. Bxe2 Nc3 29. Bf3 b6 30. Rc1 Rd3 31. Kg2 a5 32. a3 Rd2+ 33.
Kh3 Nd5 34. Rc8+ Kg7 35. Rb8 1-0

[Event "Late-Titled-Tuesday-Blitz-January-23-2024"]
[Site "Chess.com"]
[Date "2024.01.23"]
[Round "8"]
[White "Dedic8"]
[Black "Hikaru"]
[Result "0-1"]
[WhiteElo "2815"]
[BlackElo "3280"]
[TimeControl "180+1"]
[EndTime "15:25:04 PST"]
[Termination "Hikaru won on time"]

1. d4 g6 2. e4 Bg7 3. Nc3 c6 4. Nf3 d5 5. h3 dxe4 6. Nxe4 Nf6 7. Nxf6+ exf6 8. Bc4 O-O 9. O-O b5 10. Bb3 Nd7 11. a4 Nb6 12. axb5 cxb5 13. c3 Bb7 14.
Bf4 Qd7 15. Re1 a5 16. Nd2 a4 17. Ba2 f5 18. Be5 Bh6 19. Nf1 Bd5 20. Ne3 Bxa2 21.
Rxa2 Bxe3 22. fxe3 f6 23. Bf4 Rfe8 24. b3 Nd5 25.
bxa4 bxa4 26. Qa1 Qc6 27. Rc1 Qc4 28. Ra3 g5 29. Bh2 Nxe3 30. Qa2 f4 31. Kh1 Qxa2 32.
Rxa2 Nc4 33. Bg1 Reb8 34. d5 a3 35. Bc5 Rb2 36. Rca1 Rxa2 37. Rxa2 Ra5 38. Bd4 Kf7 39. Kg1 Rxd5 40. Kf2 Rb5 41. Kf3 Rb2 42. Ra1 Nd2+ 43. Kg4 Kg6 0-1

[Event "Late-Titled-Tuesday-Blitz-January-23-2024"]
[Site "Chess.com"]
[Date "2024.01.23"]
[Round "8"]
[White "krzyzan94"]
[Black "GM_dmitrij"]
[Result "0-1"]
[WhiteElo "2774"]
[BlackElo "2997"]
[TimeControl "180+1"]
[EndTime "15:25:04 PST"]
[Termination "GM_dmitrij won on time"]

1. e4 e5 2. Nf3 Nc6 3. Bb5 Bc5 4. c3 Nf6 5. O-O O-O 6. d4 Bb6 7. Nxe5 Nxe4 8. Qf3 Nxe5 9. Qxe4 Ng6 10. d5 c6 11.
Bd3 Re8 12. Qf3 Ne5 13. Qd1 Nxd3 14. Qxd3 d6 15. Na3 Qf6 16. Nc4 Bf5 17. Qg3 Bc7 18.
Bf4 Re4 19. Ne3 Bg6 20. Bg5 Qe5 21. f4 Qe8 22. f5 Bb6 23. fxg6 hxg6 24. Rae1 f6 25. Bxf6 Bxe3+ 26. Kh1 gxf6 27. Rxf6 Bg5 28. Rxe4 Qxe4 29. Rf1 Bh6 30. dxc6 bxc6 31. Qh3 Rf8 32. Rg1 Be3 33. Re1 Bc5 0-1

[Event "Late-Titled-Tuesday-Blitz-January-23-2024"]
[Site "Chess.com"]
[Date "2024.01.23"]
[Round "8"]
[White "Manukyan_Artak"]
[Black "Jenia84"]
[Result "1-0"]
[WhiteElo "2511"]
[BlackElo "2304"]
[TimeControl "180+1"]
[EndTime "15:25:04 PST"]
[Termination "Manukyan_Artak won by resignation"]

1. e4 e5 2. Nf3 Nc6 3. d4 exd4 4. Nxd4 Bc5 5. Nxc6 bxc6 6. Bc4 Nf6 7. O-O d5 8. exd5 cxd5 9. Bd3 O-O 10. Bg5 h6 11. Bh4 Be7 12. Re1 Be6 13. Nd2 Rb8 14. b3 c5 15. Nf3 Qc7 16. Bg3 Bd6 17. Bxd6 Qxd6 18.
Qe2 Rfc8 19. Qe5 Qxe5 20. Nxe5 c4 21. Bf1 cxb3 22. cxb3 Ne4 23. Nf3 Rc3 24. Rec1 Rbc8 25. Rxc3 Rxc3 26. Nd4 a5 27. f3 Nc5 28. Re1 Kf8 29. Kf2 Ke7 30. Ke2 Nd7 31. Kd2 Rc8 32.
Rc1 Rxc1 33. Kxc1 Kd6 34. Kd2 Kc5 35. Kc3 Ne5 36. a3 Kb6 37. b4 axb4+ 38. axb4 Ng6 39. g3 Ne7 40. f4 g5 41. fxg5 hxg5 42. h4 gxh4 43. gxh4 Nf5 44. Nxf5 Bxf5 45. h5 Kc6 46. h6 Bg6 47. Bd3 f5 48. Kd4 Bh7 49. Ke5 Bg8 50.
Kf6 1-0

[Event "Late-Titled-Tuesday-Blitz-January-23-2024"]
[Site "Chess.com"]
[Date "2024.01.23"]
[Round "8"]
[White "Cubitas"]
[Black "Pawngobblerx2000"]
[Result "1-0"]
[WhiteElo "2731"]
[BlackElo "2578"]
[TimeControl "180+1"]
[EndTime "15:25:06 PST"]
[Termination "Cubitas won on time"]

1. e4 c5 2. Nc3 Nc6 3. f4 g6 4. Nf3 Bg7 5. Bb5 Nd4 6. O-O a6 7. Bd3 b5 8. Nxd4 cxd4 9. Ne2 Bb7 10. c3 dxc3 11. dxc3 Nf6 12. Ng3 h5 13. e5 Ng4 14.
Be4 Qb6+ 15. Kh1 h4 16. Bxb7 hxg3 17. h3 Nf2+ 18. Rxf2 Qxf2 19. Qg1 Qxg1+ 20. Kxg1 Rb8 21. Be4 g5 22. Bf3 b4 23. c4 Rh4 24. Bg4 f6 25. exf6 Bxf6 26. fxg5 Bd4+ 27. Kf1 Rh8 28.
Ke2 e5 29. Rb1 Ke7 30. b3 Rbf8 31. Be3 Bxe3 32. Kxe3 Rf2 33. Bf3 d6 34. Rc1 Rh4 35.
c5 d5 36. Bxd5 Rd4 37. Bf3 Rfd2 38. c6 Ke6 39. Bg4+ Kd5 40. Bf3+ Ke6 41. Rc4 R4d3+ 42. Ke4 Rd4+ 43. Rxd4 Rxd4+ 44. Ke3 1-0

[Event "Late-Titled-Tuesday-Blitz-January-23-2024"]
[Site "Chess.com"]
[Date "2024.01.23"]
[Round "8"]
[White "sergoy"]
[Black "Firouzja2003"]
[Result "0-1"]
[WhiteElo "3027"]
[BlackElo "3146"]
[TimeControl "180+1"]
[EndTime "15:25:07 PST"]
[Termination "Firouzja2003 won on time"]

1. d4 Nf6 2. c4 g6 3. Nc3 Bg7 4. e4 d6 5. Nf3 O-O 6. Be2 e5 7. O-O Nc6 8. d5 Ne7 9. b4 a5 10. bxa5 Rxa5 11. a4 b6 12. Nd2 Ra8 13. Nb3 Kh8 14.
Be3 Nfg8 15. a5 bxa5 16. c5 f5 17. f3 f4 18. Bf2 g5 19. Nxa5 Nf6 20. cxd6 cxd6 21.
Nc6 Rxa1 22. Qxa1 Qe8 23. Qa8 g4 24. Rb1 g3 25. hxg3 fxg3 26. Bxg3 Qg6 27. Bh4 Bh3 28.
Qxf8+ Bxf8 29. Bxf6+ Qxf6 30. gxh3 Ng6 31. Rb8 Qh4 32.
Kf1 Kg7 33. Ba6 Qxh3+ 34. Ke2 Nf4+ 35. Kd2 Qxf3 36. Nd8 Qf2+ 37. Kc1 Be7 38. Rb7 Kf6 39. Nc6 Bf8 40. Rb8 Bh6 41. Kb1 Qe1+ 42. Kc2 Ng2 43. Kb3 Bd2 44. Rd8 Qe3 45. Rxd6+ Kg5 46. Rf6 Qxc3+ 0-1

[Event "Late-Titled-Tuesday-Blitz-January-23-2024"]
[Site "Chess.com"]
[Date "2024.01.23"]
[Round "8"]
[White "SocoLoco"]
[Black "sebastianmarinp"]
[Result "1-0"]
[WhiteElo "2210"]
[BlackElo "2350"]
[TimeControl "180+1"]
[EndTime "15:25:09 PST"]
[Termination "SocoLoco won on time"]

1. e4 e6 2. d3 d5 3. f4 a5 4. Nf3 a4 5. Ne5 dxe4 6. Nc3 a3 7. bxa3 Nf6 8. Bd2 Bxa3 9. dxe4 O-O 10. Bd3 Nbd7 11. Nc4 Bc5 12. Qe2 Re8 13. e5 Nd5 14.
Ne4 Bd4 15. c3 Ba7 16. Qh5 g6 17. Qe2 Nc5 18. Bc2 Nxe4 19. Bxe4 Bd7 20. h4 Bc6 21. h5 Ne7 22. g4 Bxe4 23. Qxe4 Qd5 24. Qxd5 Nxd5 25. hxg6 fxg6 26. Ke2 b5 27. Nb2 Bb6 28. Nd3 c5 29. Rhb1 b4 30. cxb4 c4 31. Nf2 c3 32. Bc1 Bd4 33. Kd3 c2 34. Kxd4 cxb1=Q 35. Rxb1 Rxa2 36. Nd3 Rg2 37. g5 Rg4 38. b5 Rb8 39.
Kc5 Rg3 40. Rb3 Ne3 41. Bxe3 Rxe3 42. Kd4 Re2 43. b6 Rc2 44. Nc5 Kf7 45. b7 Ke7 46. Na6 1-0

[Event "Late-Titled-Tuesday-Blitz-January-23-2024"]
[Site "Chess.com"]
[Date "2024.01.23"]
[Round "8"]
[White "GiorgianBarbosa"]
[Black "yaguigor"]
[Result "1-0"]
[WhiteElo "2473"]
[BlackElo "2625"]
[TimeControl "180+1"]
[EndTime "15:25:12 PST"]
[Termination "GiorgianBarbosa won on time"]

1. c4 c6 2. d4 d5 3. cxd5 cxd5 4. Nc3 Nf6 5. Bf4 Nc6 6. e3 Bf5 7. Bd3 Bxd3 8. Qxd3 e6 9. Nf3 Be7 10. h3 O-O 11. O-O Qa5 12. a3 Rfc8 13. b4 Qd8 14. Rfc1 a5 15. b5 Na7 16. a4 Nd7 17. Na2 Nb6 18. Qb3 Rxc1+ 19. Rxc1 Rc8 20. Nd2 Rxc1+ 21.
Nxc1 Nac8 22. Nd3 Bd6 23. Bxd6 Nxd6 24. Nc5 Qc7 25. g3 Nbc4 26. Nxc4 Nxc4 27. b6 Qc6 28. Qb5 Qxb5 29. axb5 Nxb6 30. Nxb7 a4 31. Nc5 a3 32.
Kf1 a2 33. Nb3 Nc4 34. Ke2 Kf8 35. Kd3 Na3 36. b6 a1=Q 37. Nxa1 1-0

[Event "Late-Titled-Tuesday-Blitz-January-23-2024"]
[Site "Chess.com"]
[Date "2024.01.23"]
[Round "8"]
[White "ErikRonka"]
[Black "NitaLucian"]
[Result "1-0"]
[WhiteElo "2482"]
[BlackElo "2311"]
[TimeControl "180+1"]
[EndTime "15:25:12 PST"]
[Termination "ErikRonka won by resignation"]

1. e4 d6 2. d4 Nf6 3. Nc3 e5 4. Nf3 Nbd7 5. h3 Be7 6. g4 O-O 7. Be3 c6 8. Qd2 d5 9. exd5 exd4 10. Nxd4 Nxd5 11. Nxd5 cxd5 12. O-O-O Ne5 13. Qc3 Bd7 14. Nf5 Bxf5 15. gxf5 Bf6 16. Bd4 Rc8 17. Qb3 Bg5+ 18. Kb1 Nc4 19. Rg1 g6 20. fxg6 hxg6 21. Ka1 b6 22. Qf3 Be7 23. Bd3 Rc6 24. h4 Bxh4 25. Rh1 Re6 26. Qh3 g5 27. Qf5 Rg6 28. f4 Nd6 29.
Qh3 g4 30. Qxh4 Qxh4 31. Rxh4 f6 32. Bxg6 Rf7 33. Bxf7+ Kxf7 34. Rxg4 Ke6 35. Rgg1 Nf5 36. Rge1+ Kd6 37. c4 Nxd4 38. Rxd4 Kc5 39. Rxd5+ Kxc4 40. Rdd1 Kb5 41. Re3 Ka6 42. Rc3 f5 43. Rd5 1-0

[Event "Late-Titled-Tuesday-Blitz-January-23-2024"]
[Site "Chess.com"]
[Date "2024.01.23"]
[Round "8"]
[White "rychessmaster1"]
[Black "Hrant_ChessMood"]
[Result "0-1"]
[WhiteElo "2729"]
[BlackElo "2920"]
[TimeControl "180+1"]
[EndTime "15:25:14 PST"]
[Termination "Hrant_ChessMood won by resignation"]

1. Nf3 c5 2. g3 Nc6 3. d4 cxd4 4.
Nxd4 g6 5. Bg2 Bg7 6. Nb3 d6 7. O-O Be6 8. Nc3 Qd7 9. Be3 Bh3 10. Qd3 h5 11. Qb5 Bxg2 12. Kxg2 h4 13. Rh1 h3+ 14. Kg1 Nf6 15. f3 Rc8 16. Kf2 Rh5 17. Qa4 Rf5 18. Rad1 b5 19. Qh4 Rh5 20. Qf4 Rf5 21.
Qh4 Ne5 22. Bg5 b4 23. Bxf6 Bxf6 24. Qxb4 Rc4 25. Qb8+ Rc8 26. Qb4 Nc6 27. Qe4 Kf8 28. Nd5 Bxb2 29. g4 Re5 30. Qf4 Kg8 31. Qg3 Qe6 32.
Nf4 Qc4 33. Nd3 Bd4+ 34. Nxd4 Nxd4 35. Kf1 Qxc2 36. Re1 Rxe2 37. Rxe2 Qxe2+ 38. Kg1 Nxf3+ 0-1

[Event "Late-Titled-Tuesday-Blitz-January-23-2024"]
[Site "Chess.com"]
[Date "2024.01.23"]
[Round "8"]
[White "Harsha_Bharathakoti"]
[Black "Kamilek84"]
[Result "0-1"]
[WhiteElo "2891"]
[BlackElo "2729"]
[TimeControl "180+1"]
[EndTime "15:25:14 PST"]
[Termination "Kamilek84 won on time"]

1. Nf3 Nf6 2. c4 g6 3. Nc3 Bg7 4. e4 d6 5. d4 O-O 6. Be2 Na6 7. Be3 Qe8 8. O-O e5 9. d5 Nh5 10. Re1 Nf4 11. Bf1 Bg4 12. h3 Bd7 13. Qd2 Nh5 14.
g4 Nf4 15. Bxf4 exf4 16. Qxf4 Qd8 17. e5 dxe5 18. Nxe5 Nb4 19. Rad1 a5 20. a3 Na6 21. Ne4 f5 22. Nxd7 Qxd7 23. gxf5 Rxf5 24. Qg4 Qf7 25.
d6 Rf4 26. Qg3 cxd6 27. Nxd6 Qf6 28. Re8+ Rxe8 29. Nxe8 Qe5 30. Nxg7 Kxg7 31. Rd7+ Kh6 32. Rd5 Qf6 33. Rxa5 Nc7 34. Rc5 Ne6 35. Rd5 Nd4 36. b4 Nf3+ 37. Kh1 g5 38. c5 Kh5 0-1

[Event "Late-Titled-Tuesday-Blitz-January-23-2024"]
[Site "Chess.com"]
[Date "2024.01.23"]
[Round "8"]
[White "dolynachess"]
[Black "Josgar05"]
[Result "0-1"]
[WhiteElo "2486"]
[BlackElo "2327"]
[TimeControl "180+1"]
[EndTime "15:25:15 PST"]
[Termination "Josgar05 won on time"]

1. d4 d5 2. c4 c6 3. Nf3 Nf6 4. g3 Bf5 5. Bg2 h6 6. O-O e6 7. Nc3 Nbd7 8. Nd2 Be7 9. Re1 O-O 10. e4 dxe4 11. Ndxe4 Nxe4 12. Nxe4 Nf6 13. Nc5 Rb8 14. Bf4 Bd6 15. Be3 Qe7 16. Nd3 Rfd8 17. h3 Qc7 18.
c5 Be7 19. Bf4 Qc8 20. Bxb8 Rxd4 21. Bxa7 Rxd3 22. Qe2 Rd7 23. Bb6 Nd5 24. a4 Nxb6 25. cxb6 Bc5 26. a5 Qd8 27. Red1 Bd3 28. Qf3 Rd4 29. Bf1 Be4 30. Qe2 e5 31. Bg2 Bxg2 32.
Kxg2 f6 33. Qf3 e4 34. Qf5 Rxd1 35. Rxd1 Qxd1 36. Qc8+ Bf8 37. Qxb7 Qd5 38. Qc8 e3+ 39. Kf1 Qd1+ 40. Kg2 Qd5+ 0-1

[Event "Late-Titled-Tuesday-Blitz-January-23-2024"]
[Site "Chess.com"]
[Date "2024.01.23"]
[Round "8"]
[White "Njal28"]
[Black "BogdanDeac"]
[Result "1-0"]
[WhiteElo "3072"]
[BlackElo "3079"]
[TimeControl "180+1"]
[EndTime "15:25:16 PST"]
[Termination "Njal28 won on time"]

1. d4 Nf6 2. c4 e6 3. Nc3 Bb4 4. e3 O-O 5. a3 Bxc3+ 6. bxc3 c5 7. Ne2 Nc6 8. Ng3 d6 9. Bd3 b6 10. O-O Ba6 11. Bb2 Na5 12. Qe2 Rc8 13. Rac1 d5 14.
cxd5 Bxd3 15. Qxd3 exd5 16. Rce1 Qc7 17. Re2 cxd4 18.
cxd4 Qc4 19. Qd1 Qb3 20. Qxb3 Nxb3 21. f3 Rfd8 22. Rd1 Na5 23. e4 dxe4 24. fxe4 Nc4 25. Bc1 Ne8 26. a4 a6 27. Bf4 f6 28. h4 Nc7 29.
Nf5 Rd7 30. d5 Ne6 31. Be3 Nxe3 32. Rxe3 Nc5 33. a5 b5 34. Rc1 b4 35. Rc4 Kf8 36.
Rxb4 Re8 37. Rc4 Nb7 38. Rc6 Nxa5 39. Rxa6 Nc4 40. Re2 Ne5 41. Nd4 Ng4 42. Ne6+ Kf7 43. g3 Rc8 44. Kg2 1-0

[Event "Late-Titled-Tuesday-Blitz-January-23-2024"]
[Site "Chess.com"]
[Date "2024.01.23"]
[Round "8"]
[White "Jem"]
[Black "IranianCheetah"]
[Result "0-1"]
[WhiteElo "2161"]
[BlackElo "2345"]
[TimeControl "180+1"]
[EndTime "15:25:18 PST"]
[Termination "IranianCheetah won on time"]

1. e4 e5 2. Nf3 Nc6 3. Bb5 a6 4. Ba4 Nf6 5. d4 exd4 6. O-O Be7 7. Re1 O-O 8. e5 Nd5 9. Nxd4 Nb6 10. Nxc6 dxc6 11. Bb3 Qxd1 12. Rxd1 c5 13. c3 c4 14.
Bc2 Bg4 15. f3 Bc5+ 16. Kf1 Be6 17. Bf4 Nd5 18. Bd2 Rad8 19. Ke2 Rd7 20. a4 Rfd8 21.
Na3 h6 22. Nxc4 Nxc3+ 23. Bxc3 Bxc4+ 24. Ke1 Bg1 25. h3 Bh2 26. Kf2 Bf4 27. Rxd7 Rxd7 28. Rd1 Rxd1 29. Bxd1 Kf8 30. g3 Bc1 31. f4 Ke7 32.
Bf3 b6 33. Bd4 Bd2 34. Be2 Bb3 35. Bxa6 Bxa4 36. Ke2 Bb4 37. Kd3 Bd7 38. g4 Bc6 39. Bc4 g6 40. b3 h5 41. gxh5 gxh5 42. Bc3 Bc5 0-1

[Event "Late-Titled-Tuesday-Blitz-January-23-2024"]
[Site "Chess.com"]
[Date "2024.01.23"]
[Round "8"]
[White "Mops_2004"]
[Black "DenLaz"]
[Result "0-1"]
[WhiteElo "2865"]
[BlackElo "3083"]
[TimeControl "180+1"]
[EndTime "15:25:19 PST"]
[Termination "DenLaz won by resignation"]

1. Nf3 f5 2. d4 Nf6 3. c4 g6 4. Nc3 Bg7 5. e3 a5 6. Be2 O-O 7. O-O b6 8. b3 Bb7 9. Bb2 e6 10. Nd2 Qe7 11. Bf3 Nc6 12. a3 Rae8 13. b4 Kh8 14. Nb3 Ra8 15. b5 Nd8 16. a4 Bxf3 17.
Qxf3 Nf7 18. c5 e5 19. cxb6 cxb6 20. Ba3 d6 21. Nd5 Qe6 22. Nxb6 Rab8 23. d5 Qe7 24. Nc4 e4 25. Qe2 Nxd5 26. Bb2 f4 27. Rad1 f3 28.
Bxg7+ Kxg7 29. Qb2+ Nf6 30. gxf3 exf3 31. Rd4 Qe6 32.
Rf4 Ng5 33. Kh1 Nh3 34. Nd4 Qd5 35. Rh4 Ng5 36. Rg1 Kg8 37. Nd2 Rbe8 38. Qb3 Qxb3 39. N4xb3 Nge4 40. Nxe4 Nxe4 41. Rf1 d5 42. Nd4 Rc8 43. Rh3 Nxf2+ 0-1

[Event "Late-Titled-Tuesday-Blitz-January-23-2024"]
[Site "Chess.com"]
[Date "2024.01.23"]
[Round "8"]
[White "LevonAronian"]
[Black "OparinGrigoriy"]
[Result "1-0"]
[WhiteElo "3111"]
[BlackElo "3010"]
[TimeControl "180+1"]
[EndTime "15:25:20 PST"]
[Termination "LevonAronian won by resignation"]

1. e4 c5 2. Nf3 e6 3. b3 a6 4. Bb2 Nc6 5. c4 d6 6. d4 cxd4 7. Nxd4 Nf6 8. Nxc6 bxc6 9. e5 Ne4 10.
Bd3 Qa5+ 11. Kf1 d5 12. Bxe4 dxe4 13. Qe2 Bb7 14. Nd2 c5 15. Nxe4 O-O-O 16. h4 Be7 17. Rh3 Rhg8 18. h5 f5 19. Nd6+ Bxd6 20. exd6 Rxd6 21.
Bc3 Qd8 22. Kg1 g5 23. Re3 Re8 24. Re5 Kb8 25. Re1 Ka8 26. Rxf5 Rd3 27. Bf6 Qd6 28. Rxg5 Rd2 29. Qe5 Qf8 30. Rg7 Red8 31. Rxb7 Kxb7 32.
Qe4+ Ka7 33. Bxd8 Qxf2+ 34. Kh1 Rxd8 35. Qe3 Qh4+ 36. Kg1 Rd4 37. Qxe6 Qxh5 38. Qe5 Qg4 39. Qxc5+ Kb7 40. Re7+ Rd7 41. Qd5+ 1-0

[Event "Late-Titled-Tuesday-Blitz-January-23-2024"]
[Site "Chess.com"]
[Date "2024.01.23"]
[Round "8"]
[White "Durarbayli"]
[Black "RodokininEV"]
[Result "1-0"]
[WhiteElo "2859"]
[BlackElo "2620"]
[TimeControl "180+1"]
[EndTime "15:25:22 PST"]
[Termination "Durarbayli won by resignation"]

1. c4 Nf6 2. Nc3 g6 3. g3 Bg7 4. Bg2 O-O 5. d4 d6 6. Nf3 c6 7.
O-O Nbd7 8. e4 e5 9. Re1 Qc7 10. Be3 Ng4 11. Bc1 Ngf6 12. h3 Re8 13. Be3 a5 14.
Qc2 exd4 15. Nxd4 Ne5 16. b3 Ned7 17. Rad1 Nc5 18. Ndb5 cxb5 19. Nxb5 Qe7 20. Nxd6 Na6 21. Nxe8 Nxe8 22. f4 Nec7 23. Qf2 Bd7 24. Bb6 Bc6 25. Bxa5 Qa3 26. Bb6 Re8 27. Kh2 Ne6 28. f5 Ng5 29. e5 Bxg2 30. Kxg2 gxf5 31. Rd7 Ne4 32. Qxf5 Qxa2+ 33. Kg1 Ng5 34. Qxg5 Qxb3 35. Bf2 Nb4 36. Qf4 Rf8 37.
Rxb7 Qc3 38. Rc1 Qa3 39. Qe3 Qa5 40. Rb5 Qa4 41. e6 fxe6 42. Qxe6+ Kh8 43. Rf5 Nd3 44. Rxf8+ Bxf8 45. Bd4+ Bg7 46. Qc8+ 1-0

[Event "Late-Titled-Tuesday-Blitz-January-23-2024"]
[Site "Chess.com"]
[Date "2024.01.23"]
[Round "8"]
[White "el008"]
[Black "Goryachkina"]
[Result "0-1"]
[WhiteElo "2464"]
[BlackElo "2685"]
[TimeControl "180+1"]
[EndTime "15:25:23 PST"]
[Termination "Goryachkina won on time"]

1. e4 c5 2. Nf3 e6 3. d4 cxd4 4.
Nxd4 Nc6 5. Nc3 Bc5 6. Nxc6 bxc6 7. Qd3 Ne7 8. Be3 Bxe3 9. Qxe3 O-O 10. e5 Qa5 11.
Bc4 Qb4 12. Bb3 a5 13. a3 Qg4 14. O-O a4 15. f3 Qh4 16. g3 Nf5 17. Qf2 Qh3 18. Nxa4 Ra5 19. Rfe1 c5 20. c3 Bb7 21. Bc2 c4 22. Nb6 Ba6 23. Nxd7 Ra8 24. Rad1 Rb5 25. Be4 Rc8 26. Nb6 Rb8 27. a4 Rb3 28. Bxf5 Qxf5 29.
Nd7 Ra8 30. Nc5 Rbb8 31. Nxa6 Rxa6 32. Ra1 h5 33. Qe3 Rxb2 34. Re2 Rxe2 35. Qxe2 Ra5 36. f4 h4 37. Kf2 Qh3 38. Kf3 hxg3 39. hxg3 Rd5 0-1

[Event "Late-Titled-Tuesday-Blitz-January-23-2024"]
[Site "Chess.com"]
[Date "2024.01.23"]
[Round "8"]
[White "yobdc"]
[Black "GMKrikor"]
[Result "0-1"]
[WhiteElo "2547"]
[BlackElo "2775"]
[TimeControl "180+1"]
[EndTime "15:25:24 PST"]
[Termination "GMKrikor won on time"]

1. d4 Nf6 2. c4 g6 3. Nc3 d5 4. Nf3 Bg7 5. h4 dxc4 6. e4 c5 7. d5 b5 8. h5 Nxh5 9. Nxb5 Qa5+ 10. Nc3 Nd7 11. Bd2 Rb8 12. Qc2 Ba6 13. Be2 Nf4 14. Nd1 c3 15. Nxc3 Nxe2 16. Nxe2 Qb5 17. Bc3 Bxc3+ 18.
bxc3 Nf6 19. Ne5 Qxe2+ 20. Qxe2 Bxe2 21. Kxe2 Nxe4 22. Rhc1 O-O 23. f3 Rb2+ 24. Ke3 Nf6 25. c4 Rxg2 26. Nc6 Re8 27. Rab1 Rxa2 28. Rb7 Kf8 29.
Rcb1 Ra4 30. Rc7 Rxc4 31. Rd1 Rc3+ 32. Kf2 c4 33. Rxa7 Rd3 34. Rc1 Nxd5 35. Rxc4 Rc3 36.
Rxc3 Nxc3 37. Ne5 Nd5 38. Kg3 Nf6 39. Nd7+ Nxd7 40. Rxd7 f5 41. Kf4 Kg7 42. Ke5 Kf7 43.
Ra7 Rb8 0-1

[Event "Late-Titled-Tuesday-Blitz-January-23-2024"]
[Site "Chess.com"]
[Date "2024.01.23"]
[Round "8"]
[White "jk13"]
[Black "ural58"]
[Result "1-0"]
[WhiteElo "2659"]
[BlackElo "2470"]
[TimeControl "180+1"]
[EndTime "15:25:24 PST"]
[Termination "jk13 won on time"]

1. e4 d5 2. exd5 Qxd5 3. Nc3 Qa5 4. d4 Nf6 5. Bc4 Bg4 6. f3 Bd7 7. Ne2 e5 8. dxe5 Qxe5 9. Bf4 Qc5 10. Qd4 Qxd4 11.
Nxd4 Bb4 12. O-O-O Bxc3 13. bxc3 O-O 14. Rhe1 Nc6 15.
Nxc6 Bxc6 16. Bxc7 Rac8 17. Re7 Kh8 18. Bxf7 Ng8 19.
Bxg8 Kxg8 20. Kb2 Rf7 21. Rxf7 Kxf7 22. Be5 Re8 23. f4 Re6 24. g3 g5 25. c4 gxf4 26.
gxf4 Kg6 27. Rg1+ Kf5 28. Rg7 Rh6 29. Rg5+ Ke4 30. Bb8 a6 31. Re5+ Kf3 32. f5 Rf6 33. Kc3 Be4 34. Re7 h5 35. Kd4 Bxc2 36. Re3+ Kf2 37.
h4 Rxf5 38. Rc3 Bb1 39. a3 Rf3 40. Rc1 1-0

[Event "Late-Titled-Tuesday-Blitz-January-23-2024"]
[Site "Chess.com"]
[Date "2024.01.23"]
[Round "8"]
[White "Teidi96"]
[Black "mightysmasher"]
[Result "0-1"]
[WhiteElo "2423"]
[BlackElo "2578"]
[TimeControl "180+1"]
[EndTime "15:25:24 PST"]
[Termination "mightysmasher won on time"]

1. e4 e6 2. d4 d5 3. Nd2 dxe4 4. Nxe4 Nd7 5. Nf3 Ngf6 6. Bd3 Nxe4 7. Bxe4 Nf6 8. Bd3 c5 9. dxc5 Bxc5 10. O-O O-O 11.
a3 b6 12. b4 Bd6 13. Bb2 Bb7 14. c4 h6 15. Qe2 Qc7 16. h3 Kh8 17. Rfd1 Rad8 18.
Rac1 Bf4 19. Rc2 Rfe8 20. Ne5 Bxe5 21. Bxe5 Qc6 22. f3 Rd7 23. Bxf6 gxf6 24. Qe3 Kg7 25. Rcd2 f5 26. Qe5+ f6 27. Qg3+ Kh8 28. Qh4 Kg7 29.
Qg3+ Kh8 30. Qg6 Rg7 31. Qxh6+ Kg8 32. Qxf6 Rf8 33. Qe5 Rff7 34. Kh1 Kh7 35. Be2 Qe8 36. Rd8 Qe7 37. Qd6 Qh4 38. Qh2 Qf2 0-1

[Event "Late-Titled-Tuesday-Blitz-January-23-2024"]
[Site "Chess.com"]
[Date "2024.01.23"]
[Round "8"]
[White "cthulhuuu"]
[Black "brm72"]
[Result "0-1"]
[WhiteElo "2471"]
[BlackElo "2671"]
[TimeControl "180+1"]
[EndTime "15:25:25 PST"]
[Termination "brm72 won by checkmate"]

1. e4 c5 2. Nf3 Nc6 3. g3 g6 4.
Bg2 Bg7 5. O-O d6 6. d3 Nf6 7. Re1 e5 8. Nc3 O-O 9. Nd2 Be6 10. Nc4 Rb8 11. a4 b6 12. Nd5 Ne7 13. Bg5 Nfxd5 14. exd5 Bf5 15. f4 f6 16. Bh4 Qd7 17. Ne3 Bh3 18. fxe5 dxe5 19. d6 Nc6 20. Bxh3 Qxh3 21. Qf3 Nd4 22. Qd5+ Kh8 23. c3 Ne6 24. Rf1 g5 25.
Nf5 Nf4 26. gxf4 Qxf5 27. fxg5 Qg4+ 28. Bg3 f5 29. Kh1 f4 30. Bf2 Qxg5 31. Rg1 Qf5 32. Bh4 Bf6 33. Bxf6+ Qxf6 34. Rg4 Rbd8 35. Rag1 f3 36. d7 f2 37. Rf1 Rxd7 38. Qxd7 Qf3+ 39. Rg2 Rg8 40. Rxf2 Qd1+ 41. Rg1 Qxg1# 0-1

[Event "Late-Titled-Tuesday-Blitz-January-23-2024"]
[Site "Chess.com"]
[Date "2024.01.23"]
[Round "8"]
[White "Boninknights"]
[Black "mjelcic"]
[Result "1-0"]
[WhiteElo "2378"]
[BlackElo "2209"]
[TimeControl "180+1"]
[EndTime "15:25:25 PST"]
[Termination "Boninknights won on time"]

1. d4 d5 2. Nf3 Nf6 3. c4 c6 4.
Qb3 dxc4 5. Qxc4 Bf5 6. Nbd2 e6 7. g3 Qd5 8. Bg2 Qxc4 9. Nxc4 Nbd7 10. O-O Be7 11.
Na5 O-O-O 12. a3 Be4 13. Ng5 Bxg2 14. Kxg2 Rhf8 15. b4 h6 16. Nf3 a6 17. Bb2 Nb6 18.
Ne5 Ne4 19. Rad1 Bf6 20. f3 Nd6 21. Nd3 Ndc4 22. Nxc4 Nxc4 23. Bc1 Bxd4 24. Nc5 Bxc5 25. bxc5 Rxd1 26. Rxd1 Rd8 27. Rxd8+ Kxd8 28. e4 Kc7 29. Kf2 b5 30. cxb6+ Kxb6 31. Ke2 Kb5 32. Kd3 Ne5+ 33.
Ke3 Ka4 34. f4 Nc4+ 35. Kd4 Nxa3 36. Kc5 Kb3 37. Kxc6 a5 38. Kd7 a4 39. Ke7 Nc4 40.
Kxf7 Nb2 41. Kxg7 a3 42. f5 exf5 43. exf5 a2 44. f6 a1=Q 45. f7 Nd3+ 46. Kg8 Qxc1 47. f8=Q Qg5+ 48. Qg7 Kc4 49. Qxg5 hxg5 50. h4 g4 51. h5 Ne5 52. h6 Ng6 53. h7 Kd5 54. Kg7 Ke6 55. Kxg6 1-0

[Event "Late-Titled-Tuesday-Blitz-January-23-2024"]
[Site "Chess.com"]
[Date "2024.01.23"]
[Round "8"]
[White "Sebastian"]
[Black "LyonBeast"]
[Result "0-1"]
[WhiteElo "3002"]
[BlackElo "3176"]
[TimeControl "180+1"]
[EndTime "15:25:26 PST"]
[Termination "LyonBeast won on time"]

1. e4 c5 2. Nf3 d6 3. d4 cxd4 4. Nxd4 Nf6 5. Nc3 a6 6. Be3 Ng4 7. Bc1 Nf6 8. f3 e6 9. g4 b5 10. g5 Nfd7 11. Be3 Bb7 12. Qd2 b4 13. Nce2 d5 14. exd5 Bxd5 15. Nf4 Ne5 16. O-O-O Bb7 17. Qf2 Nbd7 18. Ndxe6 fxe6 19. Nxe6 Qa5 20. Kb1 Rc8 21. Bh3 Bd5 22. b3 Rc6 23. Nd4 Rc3 24. Rhe1 Bc5 25. Ne6 Bxe3 26. Rxe3 Qb6 27. Nxg7+ Kd8 28. Nf5 Be6 29.
Rd6 Qxe3 30. Nxe3 Bxh3 31. Nd5 Rxf3 32. Qb6+ Ke8 33. Qd4 Rhf8 34. Rxa6 Rf1+ 35. Kb2 R8f2 36. Nxb4 Bf5 37. Ra8+ Kf7 38. Ra7 Kg6 39. Qd6+ Kxg5 40.
Rc7 h6 41. Rc3 Rxh2 42. Qe7+ Kh5 43. Nd5 Ng6 44. Qb4 Rh4 45. Qa5 Nge5 46. Ne3 Rf3 47. Nxf5 Rxf5 48. Qd5 Nf6 49. Qe6 Kg5 50. Rc5 Re4 51.
Rc8 Nd3+ 52. cxd3 Rxe6 0-1